 Dungeon Crawl Stone Soup version 0.22.0-36-g8e74550 (webtiles) character file.

867 Belboz the Sneak (level 7, -5/59 HPs)
             Began as a Pale Draconian Gladiator on Aug 24, 2018.
             Was a Follower of Wu Jian.
             Shot with an arrow by a centaur (16 damage)
             ... on level 5 of the Dungeon.
             The game lasted 00:09:29 (4195 turns).

Belboz the Sneak (Pale Draconian Gladiator)         Turns: 4195, Time: 00:09:30

Health: -5/59      AC:  6    Str: 18    XL:     7   Next: 73%
Magic:  7/7        EV: 14    Int:  8    God:    Wu Jian [*.....]
Gold:   322        SH:  0    Dex: 19    Spells: 6/6 levels left

rFire    . . .     SeeInvis .   a - +0 quarterstaff
rCold    . . .     Gourm    .   (shield currently unavailable)
rNeg     . . .     Faith    .   (armour unavailable)
rPois    .         Spirit   .   u - +0 hat
rElec    .         Reflect  .   (no cloak)
rCorr    .         Harm     .   (no gloves)
MR       .....                  (no boots)
Stlth    +++.......             (no amulet)
HPRegen  0.19/turn              k - +6 ring of dexterity
MPRegen  0.10/turn              (no ring)

@: no status effects
A: breathe steam, unfitting armour, cold-blooded, AC +6
a: Breathe Steam, Renounce Religion


You were on level 5 of the Dungeon.
You worshipped Wu Jian.
Wu Jian was aware of your devotion.
You were not hungry.

You visited 2 branches of the dungeon, and saw 6 of its levels.

You collected 322 gold pieces.

Inventory:

Hand Weapons
 a - a +0 quarterstaff (weapon)
 b - a +0 mace of draining
 m - a +0 broad axe
 A - a +0 blowgun
 C - a +0 dagger of venom
Missiles
 c - 3 throwing nets (quivered)
 e - 22 bolts
 g - 17 sling bullets
 j - 39 stones
 t - 4 tomahawks
 B - 29 poisoned needles
Armour
 u - a +0 hat (worn)
Jewellery
 k - a +6 ring of dexterity (left hand)
 D - a +4 ring of strength {unknown}
 L - a cursed +2 ring of dexterity
Wands
 v - a wand of enslavement (24)
 E - a wand of polymorph (7)
 J - a wand of random effects (32)
Scrolls
 f - a scroll of amnesia {unknown}
 n - 4 scrolls of identify
 o - a scroll of enchant weapon {unknown}
 p - 3 scrolls of immolation {unknown}
 s - 2 scrolls of teleportation {unknown}
 x - a scroll of fog {unknown}
 y - a scroll of remove curse
 G - a scroll of fear {unknown}
Potions
 h - a potion of ambrosia {unknown}
 i - 2 potions of agility {unknown}
 l - 2 potions of might {unknown}
 q - a potion of degeneration {unknown}
 r - a potion of invisibility {unknown}
 w - 4 potions of curing {unknown}
 z - 4 potions of lignification {unknown}
 F - a potion of berserk rage {unknown}
 H - 2 potions of brilliance {unknown}
 I - a potion of flight {unknown}
Comestibles
 d - 9 rations
 K - 2 chunks of flesh


   Skills:
 + Level 4.2 Fighting
 + Level 5.1 Staves
 - Level 3.0 Throwing
 + Level 3.2 Dodging
 + Level 5.8 Stealth


You had 6 spell levels left.
You didn't know any spells.
Your spell library was empty.

Dungeon Overview and Level Annotations

Branches:
Dungeon (5/15)             Temple (1/1) D:4

Altars:
Ashenzari
Cheibriados
Fedhas
Gozag
Hepliaklqana
Nemelex Xobeh
Uskayaw
Wu Jian
Yredelemnul
Zin
The Shining One


Innate Abilities, Weirdness & Mutations

You can breathe blasts of scalding, opaque steam.
Your pale cyan-grey scales are hard. (AC +6)
You cannot fit into any form of body armour.
You are cold-blooded and may be slowed by cold attacks.


Message History

You kill the sky beast!
The Council accepts your kill.
You see here a sky beast corpse.
You now have 322 gold pieces (gained 9).
A centaur comes into view.
The centaur wields a glowing shortbow.
It bursts into flame!
The centaur shoots an arrow.
The arrow hits you! The arrow burns you.
You see here an arrow.
The centaur shoots an arrow.
The arrow misses you.
The centaur shoots an arrow.
The arrow hits you! The arrow burns you!
* * * LOW HITPOINT WARNING * * *
The centaur shoots an arrow.
The arrow barely misses you.
You see here an arrow.
The centaur shoots an arrow.
The arrow hits you.
* * * LOW HITPOINT WARNING * * *
The arrow burns you.
* * * LOW HITPOINT WARNING * * *
You see here an arrow.
The centaur shoots an arrow.
The arrow hits you!
You die...

.... ### ..# ###
#.# ... #.# ###
#.# #.# #c# #.#
.. #@# ... ##
#.##.# #(# #.#.#
.# #.##.# #(#
#.#.# .# #.##.#
#.# #.#.# .#
#.##.# #(# #.#.#
.# #.##.# ##(##
#.#.# .# ##.##.#
#...### #.#.#
.###...#.##
#....># ##.#.#
..÷.......#
#...#†######.#..#


You could see a centaur.

Vanquished Creatures
  Sigmund (D:2)
  Eustachio (D:4)
  A sky beast (D:5)
  An ogre (D:4)
  A bullfrog (D:3)
  2 hounds (D:4)
  Ijyb (D:3)
  2 iguanas
  An orc wizard (D:4)
  A worker ant (D:5)
  7 adders
  4 worms
  2 dart slugs
  A leopard gecko (D:3)
  6 orcs
  A giant cockroach (D:3)
  5 goblins
  9 hobgoblins
  2 jackals (D:3)
  2 quokkas (D:2)
  A ball python (D:3)
  9 bats
  6 frilled lizards
  11 kobolds
  5 rats
83 creatures vanquished.

Notes
Turn   | Place    | Note
-------+----------+-------------------------------------------
     0 | D:1      | Belboz the Draconian Gladiator began the quest for the Orb.
     0 | D:1      | Reached XP level 1. HP: 17/17 MP: 1/1
   222 | D:1      | Reached XP level 2. HP: 20/24 MP: 2/2
   292 | D:1      | Reached skill level 1 in Stealth
   636 | D:2      | Reached XP level 3. HP: 21/29 MP: 3/3
  1063 | D:2      | Noticed Sigmund
  1084 | D:2      | HP: 1/29 [something (2)]
  1085 | D:2      | Killed Sigmund
  1085 | D:2      | Reached XP level 4. HP: 2/36 MP: 4/4
  1085 | D:2      | Reached XP level 5. HP: 2/41 MP: 5/5
  1380 | D:2      | Found an ornate altar of the Wu Jian Council.
  1391 | D:2      | Became a worshipper of the Wu Jian Council
  1815 | D:2      | Found a faded altar of an unknown god.
  2395 | D:3      | Reached * piety under Wu Jian
  2462 | D:3      | Noticed Ijyb
  2493 | D:3      | Killed Ijyb
  2493 | D:3      | Reached XP level 6. HP: 50/50 MP: 6/6
  2944 | D:4      | Found an opulent altar of Gozag.
  2969 | D:4      | Noticed Eustachio
  2998 | D:4      | Killed Eustachio
  2998 | D:4      | Reached skill level 5 in Stealth
  2998 | D:4      | Your scales start taking on a pale cyan-grey colour.
  2998 | D:4      | Reached XP level 7. HP: 57/57 MP: 7/7
  3219 | D:4      | Found a staircase to the Ecumenical Temple.
  3221 | Temple   | Entered the Ecumenical Temple
  3411 | D:4      | Found a snail-covered altar of Cheibriados.
  3797 | D:5      | Entered Level 5 of the Dungeon
  3969 | D:5      | Reached skill level 5 in Staves
  4195 | D:5      | Shot with an arrow by a centaur

Skill      XL: |  1  2  3  4  5  6  7 |
---------------+----------------------+-----
Throwing       | 2 3 |  3.0
Stealth        | 1 3 4 5 |  5.8
Dodging        | 3 |  3.2
Staves         | 4 5 |  5.1
Fighting       | 3 4 |  4.2

Action                   |  1- 3 |  4- 6 |  7- 9 || total
-------------------------+-------+-------+-------++-------
Melee: Quarterstaff      |    77 |   129 |    62 ||   268
       Tailslap          |    12 |    16 |    13 ||    41
       Unarmed           |       |     8 |       ||     8
Invok: Lunge             |       |    18 |     4 ||    22
       Whirlwind         |       |     3 |    15 ||    18
  Use: Scroll            |     2 |       |       ||     2
 Stab: Sleeping          |     4 |    10 |     5 ||    19
       Confused          |       |     1 |       ||     1
  Eat: Chunk             |       |     6 |     1 ||     7
       Ration            |       |     1 |       ||     1
Armor: Skin              |    19 |    40 |    11 ||    70
Dodge: Dodged            |    45 |   116 |    33 ||   194
